 Dungeon Crawl Stone Soup version 0.29.1-1-gd02db6906a (webtiles) character file.

Game seed: 16626142687733742368

10749 Zeld the Cleaver (level 11, -17/151 HPs)
             Began as a Minotaur Berserker on Oct 6, 2022.
             Was an Elder of Trog.
             Demolished by a white ugly thing (30 damage)
             ... on level 10 of the Dungeon.
             The game lasted 00:14:01 (12559 turns).

Zeld the Cleaver (Minotaur Berserker)              Turns: 12559, Time: 00:14:02

Health: -17/151    AC: 18    Str: 26    XL:     11   Next: 40%
Magic:  10/10      EV:  9    Int:  4    God:    Trog [****..]
Gold:   497        SH:  3    Dex: 10    Spells: 10/10 levels left

rFire   . . .      SeeInvis +   a - +1 hand axe (elec)
rCold   . . .      Faith    .   d - +0 buckler
rNeg    . . .      Spirit   .   b - +0 plate armour
rPois   +          Reflect  .   (helmet restricted)
rElec   .          Harm     .   m - +0 cloak
rCorr   .          Rampage  .   y - +0 pair of gloves
Will    .....                   H - +0 pair of boots
Stlth   ..........              (no amulet)
HPRegen 0.35/turn               t - ring of poison resistance
MPRegen 0.12/turn               B - ring of see invisible

@: berserking (expiring), very quick
A: horns 2, retaliatory headbutt
a: Renounce Religion, Berserk, Trog's Hand, Brothers in Arms


You were on level 10 of the Dungeon.
You worshipped Trog.
Trog was greatly pleased with you.
You visited 2 branches of the dungeon, and saw 11 of its levels.

You collected 707 gold pieces.
You spent 210 gold pieces at shops.

Inventory:

Hand Weapons
 a - a +1 hand axe of electrocution (weapon)
Missiles
 f - 21 poisoned darts (quivered)
 u - 2 javelins
 J - 4 atropa-tipped darts
 O - 2 curare-tipped darts
Armour
 b - a +0 plate armour (worn)
 d - a +0 buckler (worn)
 m - a +0 cloak (worn)
 y - a +0 pair of gloves (worn)
 H - a +0 pair of boots (worn)
Jewellery
 t - a ring of poison resistance (left hand)
 v - a ring of protection from fire
 B - a ring of see invisible (right hand)
 I - a ring of flight
Wands
 k - a wand of light (5)
 n - a wand of paralysis (13)
 w - a wand of polymorph (5)
 G - a wand of digging (5)
 N - a wand of flame (14)
Scrolls
 c - 3 scrolls of butterflies {unknown}
 g - 8 scrolls of identify {unknown}
 h - 2 scrolls of enchant armour {unknown}
 i - 2 scrolls of teleportation {unknown}
 o - 2 scrolls of blinking {unknown}
 p - 2 scrolls of enchant weapon {unknown}
 r - 3 scrolls of immolation {unknown}
 z - a scroll of noise {unknown}
 A - 2 scrolls of amnesia {unknown}
 C - 3 scrolls of poison {unknown}
 E - 2 scrolls of fear {unknown}
 F - 2 scrolls of magic mapping {unknown}
 Q - a scroll of brand weapon {unknown}
Potions
 e - 3 potions of might {unknown}
 j - a potion of cancellation {unknown}
 l - 6 potions of haste {unknown}
 q - 3 potions of mutation {unknown}
 s - 4 potions of curing {unknown}
 x - 3 potions of brilliance {unknown}
 D - 7 potions of heal wounds {unknown}
 K - a potion of attraction {unknown}
 L - 3 potions of lignification {unknown}
 M - a potion of invisibility {unknown}
 P - 4 potions of flight {unknown}
Miscellaneous
 R - a lightning rod (4/4)


   Skills:
 + Level 10.4 Fighting
 * Level 14.0 Axes
 + Level 10.0 Armour
 + Level 9.3 Dodging


You had 10 spell levels left.
You didn't know any spells.
Your spell library was empty.

Dungeon Overview and Level Annotations

Branches:
Dungeon (10/15)            Temple (1/1) D:5
   Lair: D:8-11         Orc: D:9-12

Altars:
Ashenzari
Cheibriados
Dithmenos
Elyvilon
Fedhas
Gozag
Hepliaklqana
Kikubaaqudgha
Makhleb
Nemelex Xobeh
Okawaru
Qazlal
Ru
Sif Muna
Trog
Uskayaw
Vehumet
Wu Jian
Xom
Yredelemnul
Zin
The Shining One

Shops:
D:4 *   D:6 [

Annotations:
D:3 1 runed translucent door, XxsatanxX's ghost, amateur MiBe
D:10 2 transporters, lambentLogic's ghost, journeyman KoEn


Innate Abilities, Weirdness & Mutations

You have a pair of horns on your head.
You reflexively headbutt those who attack you in melee.


Message History

You slash the red ugly thing!
Lightning courses through the red ugly thing!
You kill the red ugly thing!
Trog accepts your kill.
You slash the cyan ugly thing! The cyan ugly thing gores you.
The cyan ugly thing shocks you!
* * * LOW HITPOINT WARNING * * *
Your Axes skill increases to level 14!
Your Armour skill increases to level 10!
Unknown command.
Unknown command.
You hit the white ugly thing.
The white ugly thing is lightly wounded.
You barely miss the cyan ugly thing.
Unknown command.
You slice the white ugly thing!! You headbutt the white ugly thing!
The white ugly thing is heavily wounded.
You slash the cyan ugly thing!
The white ugly thing claws you but does no damage.
Unknown command.
You slash the white ugly thing!
The white ugly thing is heavily wounded.
You slash the cyan ugly thing! The cyan ugly thing gores you.
* * * LOW HITPOINT WARNING * * *
The cyan ugly thing shocks you!
* * * LOW HITPOINT WARNING * * *
Unknown command.
You barely miss the white ugly thing.
The white ugly thing is heavily wounded.
You slash the cyan ugly thing!
Unknown command.
You hit the white ugly thing.
The white ugly thing is severely wounded.
You hit the cyan ugly thing.
You kill the cyan ugly thing!
Trog accepts your kill. The white ugly thing claws you.
* * * LOW HITPOINT WARNING * * *
The white ugly thing freezes you!!
You die...

..# #####+##.###.# ###
#.##.###.# # #........##
# ~ #.........# ######
~~#### #.........'
#....# .~~~~~#
#.........#### #.##.#
.....~~####.............
#.##.#
~.....~#†##.........####
#.##.#
~.....u@†...........####
...#.#
~......#.##.............
####.#
.......####.........####
.....#
...~~~##..'.........'...
###### ~~####
#.##.........#### ~
#........#####
#######)## ###
###..##### ^.#
###........#


You could see a white ugly thing.

Vanquished Creatures
  Harold (D:9)
  Erolcha (D:10)
  3 two-headed ogres
  Pikel (D:4)
  4 ugly things (D:10)
  Psyche (D:8)
  2 shadows
  A human (D:5)
  A basilisk (D:9)
  A wyvern (D:9)
  10 yaks (D:10)
  4 vampire mosquitoes (D:10)
  2 steam dragons
  An acid dragon (D:9)
  2 water moccasins
  2 ice beasts
  3 orc warriors
  4 centaurs
  A lemure (D:4)
  3 kobold brigands (D:9)
  3 bullfrogs
  2 necrophages (D:6)
  2 gnoll sergeants
  A scorpion (D:5)
  3 wights (D:7)
  2 howler monkeys
  A gnoll bouda (D:5)
  5 jellies
  2 orc priests (D:9)
  Crazy Yiuf (D:2)
  2 hounds (D:6)
  Jessica (D:3)
  Terence (D:3)
  5 orc wizards
  4 iguanas
  12 gnolls
  9 adders
  A white imp (D:7)
  2 ufetubi
  4 worms
  2 dart slugs (D:1)
  11 orcs
  10 endoplasms
  4 giant cockroaches
  4 goblins
  9 hobgoblins
  10 jackals
  4 quokkas
  9 ball pythons
  7 bats
  6 frilled lizards
  24 kobolds
  2 rats (D:1)
213 creatures vanquished.

Vanquished Creatures (others)
  4 plants (D:5)
4 creatures vanquished.

Grand Total: 217 creatures vanquished

Notes
Turn   | Place    | Note
-------+----------+-------------------------------------------
     0 | D:1      | Zeld the Minotaur Berserker began the quest for the Orb.
     0 | D:1      | Reached XP level 1. HP: 19/19 MP: 0/0
    16 | D:1      | You fall into a shaft and drop 1 floor!
   406 | D:2      | Reached XP level 2. HP: 12/27 MP: 1/1
   609 | D:2      | Reached skill level 4 in Axes
   835 | D:1      | Reached XP level 3. HP: 25/33 MP: 2/2
  1167 | D:1      | Found a faded altar of an unknown god.
  1227 | D:1      | Reached ** piety under Trog
  2013 | D:2      | Found a snail-covered altar of Cheibriados.
  2211 | D:2      | Found a runed translucent door.
  2212 | D:2      | Noticed Crazy Yiuf
  2219 | D:2      | Killed Crazy Yiuf
  2220 | D:2      | Reached XP level 4. HP: 15/40 MP: 3/3
  2935 | D:3      | Noticed Terence
  2946 | D:3      | Killed Terence
  2947 | D:3      | Reached skill level 5 in Axes
  3007 | D:3      | Reached XP level 5. HP: 46/47 MP: 4/4
  3298 | D:3      | Noticed Jessica
  3306 | D:3      | Killed Jessica
  3423 | D:3      | Found a runed translucent door.
  3443 | D:3      | Noticed XxsatanxX's ghost (amateur MiBe)
  3873 | D:4      | Reached XP level 6. HP: 55/55 MP: 5/5
  3952 | D:4      | Found Ixydi's Assorted Antiques.
  3998 | D:4      | Bought a green potion for 26 gold pieces
  3998 | D:4      | Bought a scroll labelled MADED QISEHAL for 29 gold pieces
  3998 | D:4      | Bought a scroll labelled YZUTSABBOW for 29 gold pieces
  4314 | D:4      | Reached skill level 6 in Axes
  4357 | D:4      | Reached skill level 5 in Fighting
  4525 | D:4      | Reached *** piety under Trog
  4599 | D:4      | Found a white marble altar of Elyvilon.
  4869 | D:5      | Entered Level 5 of the Dungeon
  4956 | D:5      | Found a shimmering altar of Xom.
  4956 | D:5      | Found a bloodstained altar of Trog.
  4964 | D:5      | Found an ornate altar of the Wu Jian Council.
  4967 | D:5      | Found a broken altar of Ashenzari.
  4969 | D:5      | Found a faded altar of an unknown god.
  5049 | D:5      | Noticed an ice beast
  5058 | D:5      | Killed an ice beast
  5059 | D:5      | Reached XP level 7. HP: 61/61 MP: 6/6
  5062 | D:5      | Identified the +4 dagger "Nutopeor" {holy, Str+4 Dex+3
                  | SInv}
  5257 | D:5      | Found a staircase to the Ecumenical Temple.
  5263 | D:5      | Noticed Pikel
  5701 | D:4      | Killed Pikel
  5702 | D:4      | Reached skill level 8 in Axes
  5702 | D:4      | Reached skill level 5 in Armour
  5702 | D:4      | Reached skill level 5 in Dodging
  5702 | D:4      | Reached XP level 8. HP: 65/70 MP: 7/7
  6344 | D:6      | Found Ighurof's Antique Armour Shop.
  6362 | Temple   | Entered the Ecumenical Temple
  6410 | D:5      | Found a runed translucent door.
  6451 | D:5      | Found a blossoming altar of Fedhas.
  6499 | D:5      | Found a basalt altar of Yredelemnul.
  6532 | D:6      | Found a shimmering blue altar of Sif Muna.
  6799 | D:6      | Reached skill level 9 in Axes
  7194 | D:6      | Bought a pair of boots for 126 gold pieces
  7434 | D:6      | Found a stormy altar of Qazlal.
  7574 | D:7      | Reached XP level 9. HP: 77/79 MP: 8/8
  8076 | D:7      | Identified the +1 robe of Inaction {Rampage}
  8722 | D:8      | Noticed a two-headed ogre
  8729 | D:8      | Killed a two-headed ogre
  8730 | D:8      | Reached skill level 10 in Axes
  9053 | D:8      | Found a hazy altar of Hepliaklqana.
  9099 | D:8      | Noticed Psyche
  9112 | D:8      | Paralysed by Psyche for 3 turns
  9122 | D:8      | Killed Psyche
  9123 | D:8      | Reached skill level 11 in Axes
  9624 | D:9      | Reached **** piety under Trog
  9781 | D:9      | Reached XP level 10. HP: 58/90 MP: 9/9
  9992 | D:9      | Noticed a two-headed ogre
 10008 | D:9      | Killed a two-headed ogre
 10097 | D:9      | Reached skill level 12 in Axes
 10809 | D:9      | Noticed Harold
 10818 | D:9      | Killed Harold
 11253 | D:10     | Entered Level 10 of the Dungeon
 11288 | D:10     | Noticed a two-headed ogre
 11295 | D:10     | Killed a two-headed ogre
 11394 | D:10     | Reached skill level 13 in Axes
 11514 | D:10     | Noticed Erolcha
 11996 | D:10     | Killed Erolcha
 11997 | D:10     | Reached XP level 11. HP: 73/99 MP: 10/10
 12134 | D:10     | Found a transporter.
 12135 | D:10     | Noticed a two-headed ogre
 12136 | D:10     | Found a transporter.
 12136 | D:10     | Noticed lambentLogic's ghost (journeyman KoEn)
 12273 | D:10     | Reached skill level 10 in Fighting
 12533 | D:10     | Noticed a brown ugly thing
 12534 | D:10     | Noticed a white ugly thing
 12534 | D:10     | Noticed a white ugly thing
 12535 | D:10     | Noticed a cyan ugly thing
 12543 | D:10     | Killed a brown ugly thing
 12546 | D:10     | Noticed a white ugly thing
 12550 | D:10     | Killed a white ugly thing
 12554 | D:10     | Killed a red ugly thing
 12555 | D:10     | Reached skill level 14 in Axes
 12555 | D:10     | Reached skill level 10 in Armour
 12559 | D:10     | Killed a cyan ugly thing
 12559 | D:10     | Demolished by a white ugly thing

Illustrated notes

Levels and vault maps discovered:
D:1:      lightli_arrival_maybe_door_vault, layout_basic,
          nicolae_ecumenical_lake_church
D:2:      layout_rooms, basic_altar, uniq_crazy_yiuf_cottage
D:3:      layout_loops_cross, ebering_ghost_sewer_d, minmay_circle_x,
          uniq_jessica, uniq_terence
D:4:      layout_loops_ring, general_overflow_altar, serial_shops,
          nicolae_shop_overgrown_old_shop
D:5:      layout_cave_pools, lemuel_round_altar,
          chequers_temple_overflow_minitemple, dk_yredelemnul_ordeal,
          minmay_temple_entry_enclosed_plants, uniq_pikel
D:6:      nicolae_cairo_tiling, layout_rooms, mainiacjoe_overflow_divided_tiny,
          nicolae_stop_n_shop_2
D:7:      layout_basic, serial_aquarium, aquarium_bridge_square
          [aquarium_subvault_bridge, aquarium_subvault_wall,
          aquarium_subvault_wall, aquarium_subvault_bridge], aquarium_window_1,
          aquarium_window_fake, aquarium_window_2, aquarium_window_corner,
          aquarium_view_2f, aquarium_view_2e, aquarium_balcony_3b,
          lemuel_flamethrower_2
D:8:      layout_cave_pods, old_standard_altar, dk_vineyard_3,
          kennysheep_big_empty_room, nicolae_two_hexagons, uniq_psyche
D:9:      layout_loops_ring, minmay_puff, uniq_harold
D:10:     cheibrodos_breeding_chamber, layout_basic,
          mainiacjoe_overflow_surrounded_room, gammafunk_ghost_arena,
          uniq_joseph, uniq_erolcha
Temple:   minmay_freezing_vapour_temple

Skill      XL: |  1  2  3  4  5  6  7  8  9 10 11 |
---------------+----------------------------------+-----
Axes           | 4 5 6 8 9 11 13 14 | 14.0
Fighting       | 4 5 6 7 8 9 10 | 10.4
Armour         | 3 4 5 6 8 9 10 | 10.0
Dodging        | 3 4 5 6 7 8 9 |  9.3

Action                   |  1- 3 |  4- 6 |  7- 9 | 10-12 || total
-------------------------+-------+-------+-------+-------++-------
Melee: Hand axe          |    91 |   127 |   211 |   160 ||   589
       Headbutt          |     8 |    23 |    35 |    40 ||   106
       Dagger            |       |       |     1 |       ||     1
Invok: Berserk           |     2 |     2 |     4 |     2 ||    10
 Stab: Sleeping          |     1 |       |       |       ||     1
Armor: Animal skin       |    21 |    29 |    19 |       ||    69
       Plate armour      |       |       |    45 |    78 ||   123
       Skin              |       |       |    15 |       ||    15
Dodge: Dodged            |    48 |    69 |    91 |    64 ||   272
Block: Buckler           |     6 |    15 |    13 |    13 ||    47
